 Dungeon Crawl Stone Soup version 0.31-a0-700-gf13585253f (webtiles) character file.

Game seed: 11868007003152839237

90989 rjrrt the Severer (level 15, -24/138 HPs)
             Began as a Minotaur Berserker on Sept 7, 2023.
             Was an Elder of Trog.
             Killed from afar by a frost giant (68 damage)
             ... with a bolt of cold
             ... on level 13 of the Dungeon.
             The game lasted 00:51:09 (21948 turns).

rjrrt the Severer (Minotaur Berserker)             Turns: 21948, Time: 00:51:09

Health: -24/138    AC: 34    Str: 27    XL:     15   Next: 53%
Magic:  14/14      EV: 13    Int:  7    God:    Trog [****..]
Gold:   1886       SH:  0    Dex: 11    Spells: 14/14 levels left

rFire   + . .        a - +2 battleaxe (freeze)
rCold   . . .        (shield currently unavailable)
rNeg    + . .        P - +1 plate armour {rF+}
rPois   +            q - +2 hat
rElec   .            T - +2 cloak
rCorr   +            G - +2 pair of gloves
SInv    .            e - +2 pair of boots
Will    +++..        I - amulet of Wisergh {Will+ Regen+ Dex+4} Stlth
                     U - ring of Qoiph {rN+ Will+ AC+4 Dex-3}
HPRegen 1.23/turn    S - ring "Are Vaib" {Fly rPois rCorr Str-2 Int+3}
MPRegen 0.14/turn

%: no passive effects
@: on berserk cooldown, flying
A: horns 2, retaliatory headbutt
a: Renounce Religion, Berserk, Trog's Hand, Brothers in Arms


You were on level 13 of the Dungeon.
You worshipped Trog.
Trog was greatly pleased with you.
You visited 3 branches of the dungeon, and saw 20 of its levels.
You also visited: Trove, Ossuary and Volcano.

You collected 3048 gold pieces.
You spent 1162 gold pieces at shops.

Inventory:

Hand Weapons
 a - a +2 battleaxe of freezing (weapon)
 m - a +0 antimagic battleaxe
 u - a +0 broad axe
 x - a +5 battleaxe
 y - a +1 morningstar of venom
 O - a +2 glaive of venom
Missiles
 k - 12 javelins (quivered)
 p - 3 throwing nets
 F - 33 boomerangs
Armour
 e - a +2 pair of boots (worn)
 q - a +2 hat (worn)
 G - a +2 pair of gloves (worn)
 P - a +1 plate armour of fire resistance (worn)
 T - a +2 cloak (worn)
Jewellery
 f - a ring of see invisible
 C - an amulet of faith
 I - the amulet of Wisergh (around neck) {Will+ Regen+ Dex+4}
   (You acquired it on level 2 of the Orcish Mines)

   [amulet of regeneration]

   Dex+4:     It affects your dexterity (+4).
   Will+:     It increases your willpower.
   Regen+:    It increases your rate of health regeneration.
 K - an amulet of reflection
 N - the ring of Miawaqoaxt {rC+ rN+ Int+6}
   (You found it in a treasure trove)

   [ring of intelligence]

   Int+6:     It affects your intelligence (+6).
   rC+:       It protects you from cold.
   rN+:       It protects you from negative energy.
 S - the ring "Are Vaib" (right hand) {Fly rPois rCorr Str-2 Int+3}
   (You found it in a treasure trove)

   [ring of flight]

   Str-2:     It affects your strength (-2).
   Int+3:     It affects your intelligence (+3).
   rPois:     It protects you from poison Fly: It grants you flight.
   rCorr:     It protects you from acid and corrosion.
 U - the ring of Qoiph (left hand) {rN+ Will+ AC+4 Dex-3}
   (You found it in a treasure trove)

   [ring of protection]

   AC+4:      It affects your AC (+4).
   Dex-3:     It affects your dexterity (-3).
   rN+:       It protects you from negative energy.
   Will+:     It increases your willpower.
 X - the ring "Ygue" {rElec rF+ Will+}
   (You found it in a treasure trove)

   [ring of willpower]

   rF+:       It protects you from fire.
   rElec:     It insulates you from electricity.
   Will+:     It increases your willpower.
Wands
 h - a wand of mindburst (11)
 l - a wand of flame (41)
 r - a wand of paralysis (24)
 D - a wand of roots (10)
 J - a wand of quicksilver (17)
Scrolls
 d - 2 scrolls of butterflies
 g - 8 scrolls of identify
 i - a scroll of silence
 j - 2 scrolls of revelation
 n - 5 scrolls of teleportation
 H - a scroll of fog
 M - 2 scrolls of enchant weapon
 Q - a scroll of fear
Potions
 b - 2 potions of resistance
 c - 5 potions of lignification
 o - 2 potions of ambrosia
 s - a potion of cancellation
 t - a potion of berserk rage
 v - 3 potions of heal wounds
 w - 14 potions of curing
 z - 4 potions of might
 A - a potion of mutation
 B - 3 potions of enlightenment
 E - a potion of haste
 L - 2 potions of invisibility


   Skills:
 + Level 14.1 Fighting
 + Level 20.5 Axes
 - Level 5.0 Throwing
 + Level 13.8 Armour
 + Level 16.0 Dodging
 - Level 4.4 Evocations


You had 14 spell levels left.
You didn't know any spells.
Your spell library was empty.

Dungeon Overview and Level Annotations

Branches:
Dungeon (13/15)            Temple (0/1) D:7            Lair (5/5) D:10
  Swamp (0/4) Lair:3        Snake (0/4) Lair:2        Slime (0/5) Lair:5
    Orc (2/2) D:10            Elf (0/3) Orc:2       Ossuary (visited)
Volcano (visited)
 Vaults: D:13-14

Altars:
Cheibriados
Dithmenos
Elyvilon
Fedhas
Hepliaklqana
Kikubaaqudgha
Makhleb
Okawaru
Trog
Vehumet
Wu Jian
Xom
Yredelemnul
Zin
The Shining One
Jiyva

Shops:
D:4 !   D:5 (   D:6 [   D:8 =   D:9 [   D:13 (   Orc:2 *([=

Annotations:
D:7 1 runed translucent door, CowFu's ghost, novice DrSh
Lair:4 2 transporters, Ducw's ghost, journeyman DsFE


Innate Abilities, Weirdness & Mutations

You have a pair of horns on your head.
You reflexively headbutt those who attack you in melee.


Message History

The vampire mosquito is lightly damaged.
The vampire mosquito barely misses you. You furiously retaliate!
You headbutt the vampire mosquito.
The vampire mosquito bites you but does no damage.
You closely miss the vampire mosquito.
The vampire mosquito is moderately damaged.
The vampire mosquito barely misses you. The vampire mosquito bites you!
You slash the vampire mosquito! You freeze the vampire mosquito.
You headbutt the vampire mosquito.
The vampire mosquito is severely damaged.
The vampire mosquito barely misses you.
The vampire mosquito bites you but does no damage.
You barely miss the vampire mosquito.
The vampire mosquito is severely damaged.
The vampire mosquito bites you but does no damage.
The vampire mosquito bites you.
The vampire mosquito draws strength from your injuries!
You hit the vampire mosquito. You freeze the vampire mosquito.
Your headbutt misses the vampire mosquito.
The vampire mosquito is almost destroyed.
The vampire mosquito bites you.
The vampire mosquito bites you but does no damage.
You hit the vampire mosquito. You freeze the vampire mosquito.
You destroy the vampire mosquito!
Trog accepts your kill.
You start resting.
A frost giant is nearby!
You feel yourself speed up.
The frost giant shouts!
Your two-headed ogre goes berserk!
Trog will no longer gift you weapons.
Unknown command.
The frost giant casts a spell at you.
The bolt of cold hits your two-headed ogre!!!
The bolt of cold hits you!
Your two-headed ogre hits the frost giant with a +0 giant spiked club!!
Your two-headed ogre hits the frost giant with a +0 giant club!!
The frost giant casts a spell at you. The bolt of cold hits you!!!
You die...

###'##### # #.#####
#.....# #####'###
#...÷÷.# #......#
######## #.C.†..#
#......# #.O....#
#......## #.[@...###
#..)...'. #......'.#
#......##
#......#.###......##
#......#<..'......##
#......#####......##
#......# #......#
#......# ##+#####
#....^.# #......#


You could see a frost giant (ally target) and a friendly two-headed ogre
(summoned, berserk).

Vanquished Creatures
  A tengu reaver (D:13)
  An orc warlord (Orc:2)
  A dire elephant (Lair:5)
  The ghost of osoart the Fighter, a journeyman MiSh of Hepliaklqana (Lair:3)
  A red draconian (Volcano)
  Snorg (Orc:2)
  An ettin (D:13)
  3 catoblepae
  3 hydras
  A boulder beetle (Lair:1)
  A deep troll shaman (Lair:5)
  A deep troll earth mage (D:13)
  2 orc high priests
  4 two-headed ogres
  12 death yaks
  Lodul (D:12)
  5 orc knights (Orc:2)
  2 lindwurms
  A deep elf pyromancer (D:13)
  An ugly thing (D:13)
  A deep elf zephyrmancer (D:13)
  2 orc sorcerers (Orc:2)
  A manticore (D:11)
  4 salamanders
  5 cyclopes
  9 elephants
  2 black mambas
  5 molten gargoyles (Volcano)
  6 cane toads
  4 gargoyles
  A rime drake (Lair:1)
  A guardian mummy (D:10)
  10 komodo dragons
  2 polar bears
  6 trolls
  3 blink frogs (Lair:3)
  A slime creature (Lair:5)
  A shadow (D:11)
  2 water elementals (D:12)
  40 yaks
  A wraith (D:9)
  3 wyverns
  A vampire (D:11)
  8 basilisks
  6 steam dragons
  5 vampire mosquitoes
  A warg (Orc:1)
  13 water moccasins
  Duvessa (D:5)
  2 nagas (Lair:2)
  A sky beast (D:7)
  3 black bears
  A swamp drake (D:10)
  26 orc warriors
  11 centaurs
  14 ogres
  26 wolves
  3 kobold brigands
  3 elf zombies
  Blork the orc (D:5)
  10 bullfrogs
  8 scorpions
  3 gnoll sergeants
  11 wights
  Dowan (D:5)
  3 killer bees (D:8)
  5 electric eels (D:12)
  6 howler monkeys
  A crimson imp (D:4)
  2 quasits (D:7)
  6 jellies
  15 orc priests
  3 sleepcaps
  4 gnoll boudas
  6 hounds
  A human skeleton (D:4)
  A human zombie (Ossuary)
  An iron imp (D:3)
  3 iguanas
  20 orc wizards
  5 hell rats (Lair:2)
  3 hound zombies (Ossuary)
  2 human simulacra (D:9)
  3 mummies (Ossuary)
  20 gnolls
  3 adders
  6 shadow imps
  5 white imps
  3 ufetubi
  2 adder zombies (Ossuary)
  2 worms (D:2)
  A dart slug (D:3)
  67 orcs
  5 ball pythons
  3 endoplasms
  3 giant cockroaches
  3 gnoll zombies (Ossuary)
  11 goblins
  13 hobgoblins
  3 jackals (D:1)
  4 quokkas
  8 bats
  5 frilled lizards
  5 goblin zombies (Ossuary)
  4 hobgoblin zombies (Ossuary)
  2 jackal zombies (Ossuary)
  35 kobolds
  3 kobold zombies (Ossuary)
  2 orc skeletons (D:4)
  2 orc zombies
  4 quokka zombies (Ossuary)
  6 rats
  4 rat zombies (Ossuary)
637 creatures vanquished.

Vanquished Creatures (collateral kills)
  A hydra (Lair:5)
  An orc wizard (D:8)
  3 gnolls (D:8)
  An orc (D:8)
6 creatures vanquished.

Grand Total: 643 creatures vanquished

Notes
Turn   | Place    | Note
-------+----------+-------------------------------------------
     0 | D:1      | rjrrt the Minotaur Berserker began the quest for the Orb.
     0 | D:1      | Reached XP level 1. HP: 19/19 MP: 0/0
   100 | D:1      | Reached skill level 4 in Axes
   116 | D:1      | Reached XP level 2. HP: 26/26 MP: 1/1
   317 | D:1      | Reached ** piety under Trog
   323 | D:1      | Reached skill level 5 in Axes
   358 | D:1      | You fall into a shaft and drop 1 floor!
   506 | D:2      | Reached XP level 3. HP: 31/31 MP: 2/2
  1356 | D:2      | Reached XP level 4. HP: 39/39 MP: 3/3
  1517 | D:2      | Reached skill level 6 in Axes
  1674 | D:3      | Noticed an ogre
  1677 | D:3      | Reached *** piety under Trog
  1681 | D:3      | Killed an ogre
  1682 | D:3      | Reached skill level 7 in Axes
  1682 | D:3      | Reached XP level 5. HP: 45/45 MP: 4/4
  1762 | D:3      | Found a snail-covered altar of Cheibriados.
  1823 | D:3      | Found a transporter.
  1829 | D:3      | Found a transporter.
  1838 | D:3      | Found a white marble altar of Elyvilon.
  1838 | D:3      | Found a hazy altar of Hepliaklqana.
  1838 | D:3      | Found a radiant altar of Vehumet.
  2001 | D:3      | Found an ornate altar of the Wu Jian Council.
  2055 | D:3      | Found a bloodstained altar of Trog.
  2131 | D:3      | Reached skill level 8 in Axes
  2131 | D:3      | Reached XP level 6. HP: 51/51 MP: 5/5
  2445 | D:4      | Reached skill level 9 in Axes
  2476 | D:4      | Found a sand-covered staircase.
  2583 | Ossuary  | Entered an ossuary
  2633 | Ossuary  | Reached XP level 7. HP: 56/57 MP: 6/6
  2723 | Ossuary  | Reached **** piety under Trog
  2779 | Ossuary  | Reached skill level 10 in Axes
  3206 | D:4      | Reached skill level 11 in Axes
  3304 | D:4      | Identified the +1 robe of Demons {rPois Will+}
  3413 | D:4      | Found Guusi's Distillery.
  3421 | D:4      | Bought a potion of enlightenment for 70 gold pieces
  3421 | D:4      | Bought 2 potions of curing for 84 gold pieces
  3421 | D:4      | Bought a potion of heal wounds for 70 gold pieces
  3629 | D:4      | Found a shimmering altar of Xom.
  3630 | D:4      | Found a burning altar of Makhleb.
  4337 | D:5      | Entered Level 5 of the Dungeon
  4388 | D:5      | Noticed Blork the orc
  4388 | D:5      | Found Lecoplem's Weapon Shoppe.
  4395 | D:5      | Killed Blork the orc
  4396 | D:5      | Reached XP level 8. HP: 66/66 MP: 7/7
  4487 | D:5      | Reached skill level 1 in Throwing
  4567 | D:5      | Identified the +6 dagger "Kicidiony" {freeze, rC+ Int+3}
  4659 | D:5      | Found a shadowy altar of Dithmenos.
  4691 | D:5      | Noticed Duvessa
  4691 | D:5      | Noticed Dowan
  4701 | D:5      | Killed Duvessa
  4702 | D:5      | Reached skill level 1 in Evocations
  4704 | D:5      | Killed Dowan
  4794 | D:5      | Found a glowing silver altar of Zin.
  4799 | D:5      | Reached ***** piety under Trog
  5389 | D:6      | Reached skill level 5 in Fighting
  5426 | D:6      | Reached skill level 12 in Axes
  5440 | D:6      | Reached XP level 9. HP: 74/74 MP: 8/8
  5487 | D:6      | Found Osojiof's Armour Emporium.
  5494 | D:6      | Bought a +0 pair of gloves for 58 gold pieces
  6020 | D:7      | Noticed a two-headed ogre
  6137 | D:7      | Received a gift from Trog
  6221 | D:7      | Killed a two-headed ogre
  6222 | D:7      | Reached skill level 5 in Armour
  6255 | D:7      | Found a basalt altar of Yredelemnul.
  6451 | D:7      | Reached skill level 5 in Dodging
  6616 | D:7      | Found a staircase to the Ecumenical Temple.
  6669 | D:7      | Found a runed translucent door.
  6669 | D:7      | Noticed CowFu's ghost (novice DrSh)
  6742 | D:7      | Found an iron altar of Okawaru.
  6815 | D:7      | Found a blossoming altar of Fedhas.
  6967 | D:7      | Reached XP level 10. HP: 84/84 MP: 9/9
  7071 | D:7      | Identified a scroll of acquirement
  7072 | D:7      | Acquired a manual of Dodging
  7188 | D:8      | Reached skill level 13 in Axes
  7293 | D:8      | Found Egy Giaps's Jewellery Shop.
  7678 | D:8      | Received a gift from Trog
  8485 | D:9      | Found Tasanyn's Antique Armour Boutique.
  8494 | D:9      | Bought an embroidered hat for 196 gold pieces
  8558 | D:9      | Identified the +0 leather armour "Vueneripp" {Will+}
  8672 | D:9      | Reached skill level 5 in Throwing
  8957 | D:9      | Found an ancient bone altar of Kikubaaqudgha.
  8999 | D:9      | Found a glowing golden altar of the Shining One.
  9091 | D:10     | Entered Level 10 of the Dungeon
  9125 | D:10     | Reached skill level 14 in Axes
  9130 | D:10     | Noticed a two-headed ogre
  9141 | D:10     | Killed a two-headed ogre
  9142 | D:10     | Reached XP level 11. HP: 53/94 MP: 10/10
  9342 | D:10     | Found a staircase to the Lair.
  9678 | D:10     | Found a portal to a secret trove of treasure.
  9710 | Trove    | Entered a treasure trove
  9721 | Trove    | Identified the ring "Fochop" {EV+5 Stlth+}
  9725 | Trove    | Identified the ring of Miawaqoaxt {rC+ rN+ Int+6}
  9736 | Trove    | Identified the ring "Are Vaib" {Fly rPois rCorr Str-2
                  | Int+3}
  9740 | Trove    | Identified the ring of Qoiph {rN+ Will+ AC+4 Dex-3}
  9759 | Trove    | Identified the ring "Ygue" {rElec rF+ Will+}
  9762 | Trove    | Identified the ring "Laliud" {rElec Will+}
  9764 | Trove    | Identified the ring of Qauz {Int+6 Dex+2}
 10283 | D:10     | Found a staircase to the Orcish Mines.
 10721 | Lair:1   | Entered Level 1 of the Lair of Beasts
 11106 | Lair:1   | Reached skill level 15 in Axes
 11217 | Lair:1   | Reached * piety under Trog
 11265 | Lair:1   | Identified the +5 short sword of Ymohaot {heavy, +Blink rF+
                  | Will+ Dex-4}
 11545 | Lair:1   | Reached skill level 10 in Dodging
 12021 | Lair:2   | Reached XP level 12. HP: 105/105 MP: 11/11
 12035 | Lair:2   | Reached skill level 16 in Axes
 12234 | Lair:1   | Noticed a boulder beetle
 12240 | Lair:1   | Killed a boulder beetle
 12260 | Lair:2   | Noticed a catoblepas
 12331 | Lair:2   | Reached skill level 10 in Fighting
 12396 | Lair:2   | Noticed a death yak
 12437 | Lair:2   | Noticed a death yak
 12437 | Lair:2   | Noticed a death yak
 12437 | Lair:2   | Noticed a death yak
 12437 | Lair:2   | Noticed a death yak
 12438 | Lair:2   | Noticed a death yak
 12441 | Lair:2   | Killed a death yak
 12446 | Lair:2   | Killed a death yak
 12452 | Lair:2   | Killed a death yak
 12664 | Lair:2   | Killed a death yak
 12667 | Lair:2   | Killed a death yak
 12672 | Lair:2   | Killed a death yak
 12673 | Lair:2   | Reached skill level 10 in Armour
 12797 | Lair:2   | Killed a catoblepas
 13300 | Lair:2   | Found a staircase to the Snake Pit.
 13307 | Lair:2   | Reached skill level 17 in Axes
 13708 | Lair:3   | Noticed a catoblepas
 13717 | Lair:3   | Killed a catoblepas
 13985 | Lair:3   | Noticed an eight-headed hydra
 13997 | Lair:3   | Killed an eight-headed hydra
 14089 | Lair:3   | Found a staircase to the Swamp.
 14560 | Lair:3   | Identified the +8 mace of Incongruity {freeze, Will+ SInv}
 14635 | Lair:3   | Found a runed translucent door.
 14644 | Lair:3   | Noticed osoart's ghost (journeyman MiSh)
 14657 | Lair:3   | Killed osoart's ghost
 14847 | Lair:4   | Reached XP level 13. HP: 97/116 MP: 12/12
 15043 | Lair:4   | Found a transporter.
 15046 | Lair:4   | Noticed Ducw's ghost (journeyman DsFE)
 15068 | Lair:4   | Found a transporter.
 15739 | Lair:5   | Entered Level 5 of the Lair of Beasts
 15739 | Lair:5   | Found a staircase to the Slime Pits.
 15739 | Lair:5   | Found a viscous altar of Jiyva.
 15773 | Lair:5   | Reached skill level 18 in Axes
 16046 | Lair:5   | Reached skill level 19 in Axes
 16046 | Lair:5   | Reached XP level 14. HP: 38/127 MP: 13/13
 16100 | Lair:5   | Found a dark tunnel.
 16144 | Volcano  | Entered a volcano
 16595 | Volcano  | Noticed an orb of fire
 16658 | Volcano  | Noticed an orb of fire
 17164 | Lair:5   | Reached skill level 15 in Dodging
 17965 | Orc:1    | Entered Level 1 of the Orcish Mines
 18194 | Orc:1    | Reached XP level 15. HP: 135/135 MP: 14/14
 18489 | Orc:2    | Entered Level 2 of the Orcish Mines
 18511 | Orc:2    | Noticed Snorg
 18528 | Orc:2    | Killed Snorg
 18973 | Orc:2    | Reached skill level 20 in Axes
 19769 | Orc:2    | Found a staircase to the Elven Halls.
 20046 | Orc:2    | Found Muacre's General Store.
 20053 | Orc:2    | Bought a scroll of acquirement for 624 gold pieces
 20053 | Orc:2    | Bought a potion of heal wounds for 60 gold pieces
 20089 | Orc:2    | Found Casynag's Antique Weapon Shop.
 20104 | Orc:2    | Found Pezepsio's Jewellery Shop.
 20120 | Orc:2    | Found Xos Cag's Antique Armour Shop.
 20225 | Orc:2    | Acquired the amulet of Wisergh {Will+ Regen+ Dex+4}
 21071 | D:12     | Identified the +5 halberd of the Hawk {elec, rC+ Stlth+}
 21380 | D:12     | Noticed Lodul
 21383 | D:12     | Killed Lodul
 21803 | D:13     | Found Yziaw's Antique Weapon Shop.
 21896 | D:13     | Noticed a tengu reaver
 21916 | D:13     | HP: 3/207 [tengu reaver/bolt of acid (13)]
 21917 | D:13     | Killed a tengu reaver
 21921 | D:13     | Noticed a frost giant
 21948 | D:13     | Killed from afar by a frost giant

Illustrated notes

Levels and vault maps discovered:
D:1:      psy_arrival_fountain, layout_loops_ring, minmay_pentomino_x4
D:2:      layout_loops_cross
D:3:      layout_rooms, slow_altar_1, nzn_wu_jian_contemplation,
          mainiacjoe_overflow_alcove_4, gammafunk_temple_overflow_arena,
          minmay_liquid_box
D:4:      kennysheep_kobold_camp, layout_basic,
          grunt_temple_overflow_champion_of_chaos, serial_shops, shop,
          nicolae_ossuary_entry_catacombs
D:5:      layout_rooms, grunt_dithmenos_shadows,
          mainiacjoe_overflow_tiny_flanked, serial_shops, shop, uniq_duvessa,
          uniq_blork_the_orc
D:6:      layout_cave_pools, serial_shops, nicolae_shop_gibbet_a_chance
D:7:      layout_basic, lemuel_round_altar, mainiacjoe_overflow_small_starburst,
          mainiacjoe_overflow_catwalk, minmay_temple_entry_mini_moons,
          serial_demonic, serial_demonic_e, serial_demonic_d, serial_demonic_f,
          serial_demonic_g, serial_demonic_g, serial_demonic_g,
          gammafunk_ghost_grave, nicolae_grassy_gnolls
D:8:      layout_basic, serial_shops, nicolae_shop_real_fake_doors,
          grunt_decor_mini_mirrors
D:9:      layout_big_octagon, amcnicky_altar_gilded, tso_metal_star,
          serial_shops, nicolae_shop_tiny_glass, bh_circular_ruins
D:10:     layout_loops_ring, due_lair_maze_entry_diamond, erik_orc_1,
          nicolae_trove_entry_path_of_doom
D:11:     layout_loops_ring
D:12:     layout_basic, grunt_ministairs_1, minmay_stone_trees_small, uniq_lodul
D:13:     layout_roguey, serial_shops, nicolae_shop_tiny_waterfront,
          minmay_diamond_spiral
Lair:1:   layout_chaotic_city, grunt_megastairs_3
Lair:2:   layout_cave_pods, alex1729_snake_entry_snake, fungi_pond_lemuel
Lair:3:   layout_gridlike, swamp_mist, ebering_ghost_reflecting_pool
Lair:4:   layout_regular_city, gammafunk_ghost_arena,
          infiniplex_staircase_pool_2, serial_bayou_shore_a
Lair:5:   grunt_lair_end_beastmaster, layout_cave_shapes,
          minmay_slime_entry_pillars, nicolae_volcano_entry_vermiform
Orc:1:    layout_diamond_mine, basic_altar, bh_open_orc_temple
Orc:2:    grunt_orc_cross, layout_diamond_mine, minmay_orc_barracks, uniq_snorg

Skill      XL: |  1  2  3  4  5  6  7  8  9 10 11 12 13 14 15 |
---------------+----------------------------------------------+-----
Axes           | 4 5 7 8 9 11 12 14 15 17 19 20 | 20.5
Fighting       | 5 6 8 9 11 12 13 14 | 14.1
Throwing       | 2 4 5 |  5.0
Armour         | 4 5 7 9 10 12 13 | 13.8
Evocations     | 2 3 4 |  4.4
Dodging        | 3 5 7 10 12 14 15 16 | 16.0

Action                     |  1- 3 |  4- 6 |  7- 9 | 10-12 | 13-15 || total
---------------------------+-------+-------+-------+-------+-------++-------
  Melee: Hand axe          |    96 |   120 |   191 |       |       ||   407
         Headbutt          |     6 |    26 |    73 |    77 |   111 ||   293
         Punch             |     1 |     2 |     6 |       |       ||     9
         War axe           |       |       |   111 |       |       ||   111
         Battleaxe         |       |       |    68 |   453 |   606 ||  1127
         Morningstar       |       |       |       |     3 |     6 ||     9
  Throw: Javelin           |       |       |     3 |       |     6 ||     9
 Invoke: Berserk           |       |     2 |     6 |     5 |     8 ||    21
         Brothers in Arms  |       |       |       |     1 |     2 ||     3
  Evoke: Wand              |       |       |       |       |     6 ||     6
    Use: Scroll            |       |       |    21 |     8 |     9 ||    38
         Potion            |       |       |       |     1 |     3 ||     4
 Armour: Animal skin       |    27 |       |       |       |       ||    27
         Scale mail        |    27 |    68 |    81 |       |       ||   176
         Chain mail        |       |       |   180 |    72 |       ||   252
         Plate armour      |       |       |       |   330 |   574 ||   904
  Dodge: Dodged            |    57 |    35 |   120 |   163 |   296 ||   671

Table legend: (Time is in decaauts)
 A = Elapsed time spent in this place.
 B = Non-inter-level travel time spent in this place.
 C = Inter-level travel time spent in this place.
 D = Time resting spent in this place.
 E = Time spent auto-exploring this place.
 F = Levels seen in this place.
 G = Mean time per level.
                   A        B        C        D        E       F      G
               +--------+--------+--------+--------+--------+-----+--------+
         Total |  21875 |  21024 |    851 |   4445 |  10704 |  23 |  951.1 |
       Dungeon |  12004 |  11507 |    497 |   2029 |   6626 |  13 |  923.4 |
          Lair |   6422 |   6127 |    295 |   1640 |   3227 |   5 | 1284.4 |
  Orcish Mines |   2253 |   2195 |     58 |    245 |    822 |   2 | 1126.5 |
         Trove |     74 |     74 |      0 |      0 |      0 |   1 |   74.0 |
       Ossuary |    368 |    368 |      0 |     92 |     29 |   1 |  368.0 |
       Volcano |    751 |    751 |      0 |    439 |      0 |   1 |  751.0 |
               +--------+--------+--------+--------+--------+-----+--------+

Top non-repeatable levels by time:
     D:4: 1792 daAuts
  Lair:1: 1693 daAuts
   Orc:2: 1618 daAuts
    D:10: 1401 daAuts
  Lair:2: 1286 daAuts
  Lair:3: 1238 daAuts
     D:8: 1198 daAuts
     D:7: 1182 daAuts
  Lair:4: 1107 daAuts
  Lair:5: 1096 daAuts
     D:9: 1023 daAuts
     D:5: 906 daAuts
     D:1: 871 daAuts
     D:2: 766 daAuts
 Volcano: 751 daAuts
